 Dungeon Crawl Stone Soup version 0.29-a0-973-gac7da5f7f0 (webtiles) character file.

Game seed: 17318093509474634005

20 xian the Covered (level 2, -1/24 HPs)
             Began as a Minotaur Fighter on Aug 1, 2022.
             Was a Follower of Hepliaklqana.
             Slain by Sigmund
             ... wielding a +0 scythe
              (2 damage)
             ... on level 2 of the Dungeon.
             The game lasted 00:02:42 (1170 turns).

xian the Covered (Minotaur Fighter)                 Turns: 1170, Time: 00:02:42

Health: -1/24      AC:  9    Str: 20    XL:     2   Next: 58%
Magic:  1/1        EV: 11    Int:  5    God:    Hepliaklqana [*.....]
Gold:   33         SH:  5    Dex: 15    Spells: 1/1 levels left

rFire   . . .      SeeInvis .   f - +0 dagger (elec)
rCold   . . .      Faith    .   c - +0 buckler
rNeg    . . .      Spirit   .   h - +0 chain mail
rPois   .          Reflect  .   (helmet restricted)
rElec   .          Harm     .   (no cloak)
rCorr   .          Rampage  .   (no gloves)
Will    .....                   (no boots)
Stlth   ..........              (no amulet)
HPRegen 0.08/turn               g - +6 ring of dexterity
MPRegen 0.07/turn               a - +4 ring of evasion

@: mighty
A: reduced essence, horns 2, retaliatory headbutt
a: Renounce Religion, Recall Ancestor, Ancestor Identity


You were on level 2 of the Dungeon.
You worshipped Hepliaklqana.
Hepliaklqana was aware of your devotion.
You visited 1 branch of the dungeon, and saw 2 of its levels.

You collected 33 gold pieces.

Inventory:

Hand Weapons
 f - a +0 dagger of electrocution (weapon)
Missiles
 j - 6 poisoned darts (quivered)
Armour
 b - a +0 scale mail
 c - a +0 buckler (worn)
 h - a +0 chain mail (worn)
Jewellery
 a - a +4 ring of evasion (right hand)
 g - a +6 ring of dexterity (left hand)
Scrolls
 e - a scroll of fear {unknown}
 i - a scroll of acquirement {unknown}
Potions
 d - a potion of might


   Skills:
 + Level 4.0 Fighting
 + Level 2.5 Maces & Flails
 + Level 4.0 Armour
 + Level 4.0 Shields


You had one spell level left.
You didn't know any spells.
Your spell library contained the following spells:

 Spells                   Type           Power      Damage    Failure   Level
 Foxfire                  Conj/Fire      0%         2x1d4     100%        1
 Conjure Flame            Conj/Fire      0%         6-21      100%        3
 Inner Flame              Hex/Fire       0%         N/A       100%        3
 Flame Wave               Conj/Fire      0%         2d4       100%        4


Dungeon Overview and Level Annotations

Branches:
Dungeon (2/15)

Altars:
Hepliaklqana

Shops:
D:2 [

Annotations:
D:2 Sigmund


Innate Abilities, Weirdness & Mutations

Your life essence is reduced to manifest your ancestor. (-10% HP)
You have a pair of horns on your head.
You reflexively headbutt those who attack you in melee.


Message History

* * * LOW HITPOINT WARNING * * *
Opal closely misses something.
The rat attacks as you move away! The rat bites you but does no damage.
Opal barely misses something.
You feel less confused.
Opal hits something.
The kobold throws a stone.
The stone closely misses you. The giant cockroach barely misses you.
You closely miss the giant cockroach.
The giant cockroach is heavily wounded.
Something hits you.
* * * LOW HITPOINT WARNING * * *
The giant cockroach closely misses you.
The kobold throws a stone.
You block the stone. The rat barely misses you.
The giant cockroach bites you but does no damage.
Opal barely misses something.
The rat bites you but does no damage.
The giant cockroach attacks as you move away!
The giant cockroach bites you but does no damage.
You block the rat's attack.
Okay, then.
You feel very mighty all of a sudden. The giant cockroach closely misses you.
You furiously retaliate!
You headbutt the giant cockroach!
You kill the giant cockroach!
The rat bites you but does no damage.
You hit the kobold. Lightning courses through the kobold!
You kill the kobold!
Something hits you but does no damage.
Opal barely misses something.
You block the rat's attack.
You puncture the rat!
You kill the rat!
Opal hits something but does no damage.
Something hits you.
* * * LOW HITPOINT WARNING * * *
Opal closely misses something.
Something hits you.
* * * LOW HITPOINT WARNING * * *
Opal barely misses something.
Something hits you but does no damage.
Opal misses something.
Opal barely misses something.
Something hits you.
You die...

####.............# #
.................# #
#.............##########
#.......................
#.............##########
#.................#.....
#.............###.#.####
##.......R..)..# #.#.....
.........@......# #.######
............)....# #.# #
.)...............# #.# #
.....#######.#...###.######
..... #..............# ...
###...###.####.# #...# #.#
#.# ##### #.# #.. #.# ###


You could see the friendly Opal the ancestor.

Vanquished Creatures
  A dart slug (D:1)
  A ball python (D:1)
  An endoplasm (D:1)
  2 giant cockroaches (D:2)
  3 hobgoblins
  2 kobolds
  2 goblins (D:1)
  3 rats
15 creatures vanquished.

Vanquished Creatures (collateral kills)
  A goblin (D:2)
1 creature vanquished.

Grand Total: 16 creatures vanquished

Notes
Turn   | Place    | Note
-------+----------+-------------------------------------------
     0 | D:1      | xian the Minotaur Fighter began the quest for the Orb.
     0 | D:1      | Reached XP level 1. HP: 19/19 MP: 0/0
   476 | D:1      | Reached XP level 2. HP: 27/27 MP: 1/1
   689 | D:1      | Found a faded altar of an unknown god.
   699 | D:1      | Prayed at the altar of an unknown god.
   699 | D:1      | Became a worshipper of Hepliaklqana the Forgotten
   699 | D:1      | Reached * piety under Hepliaklqana
  1144 | D:2      | Noticed Sigmund
  1145 | D:2      | Found Raffemne's Armour Boutique.
  1165 | D:2      | HP: 1/24 [something (1)]
  1170 | D:2      | Slain by Sigmund

Illustrated notes

Levels and vault maps discovered:
D:1:      ncdulo_watergridlock, layout_basic,
          dilly_ecumenical_altar_fadedgnrine, kennysheep_nondescript
D:2:      layout_basic, serial_shops, nicolae_shop_advertising_works
          [nicolae_subvault_shop_adworks], uniq_sigmund, uniq_natasha

Skill      XL: |  1  2 |
---------------+-------+-----
Armour         | 4 |  4.0
Shields        | 4 |  4.0
Fighting       | 4 |  4.0
Maces & Flails | |  2.5

Action                   || total
-------------------------++-------
Melee: Dagger            ||    28
       Flail             ||     2
       Headbutt          ||     3
Invok: Ancestor Identity ||     1
  Use: Potion            ||     1
Armor: Scale mail        ||     4
       Chain mail        ||    25
Dodge: Dodged            ||    20
Block: Buckler           ||     9

Table legend: (Time is in decaauts)
 A = Elapsed time spent in this place.
 B = Non-inter-level travel time spent in this place.
 C = Inter-level travel time spent in this place.
 D = Time resting spent in this place.
 E = Time spent auto-exploring this place.
 F = Levels seen in this place.
 G = Mean time per level.
                   A        B        C        D        E       F      G
               +--------+--------+--------+--------+--------+-----+--------+
         Total |   1171 |   1151 |     20 |      0 |    942 |   2 |  585.5 |
       Dungeon |   1171 |   1151 |     20 |      0 |    942 |   2 |  585.5 |
               +--------+--------+--------+--------+--------+-----+--------+

Top non-repeatable levels by time:
     D:1: 1016 daAuts
     D:2: 155 daAuts
